 Dungeon Crawl Stone Soup version 0.31.0-32-g396128a36d (webtiles) character file.

Game seed: 6218672445420199964

142 mparten the Digger (level 5, 0/42 HPs)
             Began as a Gargoyle Earth Elementalist on Mar 31, 2024.
             Slain by a bullfrog skeleton (2 damage)
             ... on level 3 of the Dungeon.
             The game lasted 00:05:10 (3275 turns).

mparten the Digger (Gargoyle Earth Elementalist)    Turns: 3275, Time: 00:05:10

Health: 0/42       AC: 22    Str: 11    XL:     5   Next: 24%
Magic:  4/9        EV:  2    Int: 18    God:
Gold:   131        SH:  0    Dex: 10    Spells: 9/10 levels left

rFire   . . .        e - +0 whip
rCold   . . .        (no shield)
rNeg    + . .        a - melded +0 robe
rPois   ∞            (helmet currently unavailable)
rElec   .            (cloak currently unavailable)
rCorr   .            (gloves currently unavailable)
SInv    .            (boots currently unavailable)
Will    .....        (no amulet)
Stlth   ++           (no ring)
HPRegen 0.27/turn    (no ring)
MPRegen 0.11/turn

%: no passive effects
@: tree-form
A: stationary, stasis, torment immunity, boosted hp, sickness immunity, AC +4,
negative energy resistance 1, (electricity resistance), torment resistance 1,
petrification resistance
a: no special abilities


You were on level 3 of the Dungeon.
You were a tree.
You visited 1 branch of the dungeon, and saw 3 of its levels.

You collected 131 gold pieces.

Inventory:

Hand Weapons
 e - a +0 whip (weapon)
Missiles
 g - a throwing net
Armour
 a - a +0 robe (melded)
Scrolls
 c - a scroll of fear {unknown}
 d - 4 scrolls of teleportation {unknown}
 f - a scroll of noise {unknown}
 h - a scroll of vulnerability {unknown}
 i - 2 scrolls of identify {unknown}
Potions
 b - 2 potions of magic


   Skills:
 - Level 1.5 Dodging
 + Level 3.1 Stealth
 * Level 3.2 Spellcasting
 * Level 2.7 Conjurations
 * Level 4.7 Earth Magic


You had 9 spell levels left.
You knew the following spells:

 Your Spells              Type           Power      Damage    Failure   Level
a - Sandblast             Erth           40%        2d10      2%          1

Your spell library contained the following spells:

 Spells                   Type           Power      Damage    Failure   Level
 Passwall                 Erth           20%        N/A       7%          3
 Sting                    Conj/Alch      28%        1d4       10%         1
 Stone Arrow              Conj/Erth      32%        3d9       11%         3
 Apportation              Tloc           4%         N/A       16%         1
 Necrotise                Necr           8%         1d4       16%         1
 Summon Small Mammal      Summ           8%         N/A       16%         1
 Brom's Barrelling Bould  Conj/Erth      16%        2d4       34%         4
 Vampiric Draining        Necr           2%         2d6       43%         3
 Petrify                  Alch/Erth      11%        N/A       52%         4
 Martyr's Knell           Necr/Summ      2%         N/A       85%         4
 Irradiate                Conj/Alch      3%         3d12      95%         5
 Curse of Agony           Necr           2%         N/A       99%         5
 Sublimation of Blood     Necr           Unusable   N/A       N/A         2

Dungeon Overview and Level Annotations

Branches:
Dungeon (3/15)

Altars:
Okawaru
Trog

Shops:
D:3 !

Annotations:
D:3 Prival's ghost, amateur HOFi


Innate Abilities, Weirdness & Mutations

You are a tree.
Your roots penetrate the ground, keeping you stationary.
You cannot be teleported.
You are immune to unholy pain and torment.
Your maximum health is greatly increased.
Your equipment is partially melded.
You are immune to sickness and miasma.
((Your stone body is resilient. (AC +4)))
You are immune to poison.
You resist negative energy. (rN+)
((You are resistant to electric shocks. (rElec)))
You are resistant to unholy torment.
You are immune to petrification.


Message History

Your +0 robe melds into your body.
Your roots penetrate the ground.
The bullfrog skeleton hits you.
* * * LOW HITPOINT WARNING * * *
Prival's ghost hits you.
* * * LOW HITPOINT WARNING * * *
The bullfrog skeleton hits you but does no damage.
You now have 7/42 hp.
You are too injured to fight recklessly!
You are too injured to fight recklessly!
Casting: Sandblast (safe; 2% risk of failure)
Confirm with . or Enter, or press ? or * to list all spells.
Aiming: Sandblast (safe; 2% risk of failure)
Press: ? - help, Shift-Dir - straight line, f - Prival's ghost
Aim: Prival's ghost (94% to hit)
The blast of sand hits Prival's ghost but does no damage.
Prival's ghost hits you but does no damage.
The bullfrog skeleton hits you but does no damage.
Prival's ghost hits you but does no damage.
You now have 5/9 mp.
Sorry, you're not good enough to have a special ability.
Casting: Sandblast (safe; 2% risk of failure)
Confirm with . or Enter, or press ? or * to list all spells.
Aiming: Sandblast (safe; 2% risk of failure)
Press: ? - help, Shift-Dir - straight line, f/p - Prival's ghost
Aim: Prival's ghost (94% to hit)
The blast of sand hits Prival's ghost but does no damage.
The bullfrog skeleton hits you but does no damage.
Prival's ghost hits you but does no damage.
The bullfrog skeleton hits you but does no damage.
Casting: Sandblast (safe; 2% risk of failure)
Confirm with . or Enter, or press ? or * to list all spells.
Aiming: Sandblast (safe; 2% risk of failure)
Press: ? - help, Shift-Dir - straight line, f/p - Prival's ghost
Aim: Prival's ghost (94% to hit)
The blast of sand hits Prival's ghost but does no damage.
The bullfrog skeleton barely misses you.
Prival's ghost hits you.
* * * LOW HITPOINT WARNING * * *
The bullfrog skeleton hits you.
You die...

#.........# #.###.#.........#.##
.......#>####..#########..#####
..######.......#..#.#..#..# ..#
###.#.#...##.$(..##..# #####
######.........#.......#..###...#
#......#.#...##.....##..##.....
#..........###.......#..#......
###......>..## ###'''###..#..._..
#...........####♣WZ...#####......
###.........#....Z.......###.....
###.........#.......##.#...##...#
#...........#..........#.#####.##
..#.........#.............##.....
###.####....#.......#####.#####.#
#....#.####.##.#...# #.# #..
####.#.# #......### #.# ##.
#....#.# ##.###..# #.# #.


You could see Prival's ghost, a bullfrog skeleton and a centaur skeleton.

Vanquished Creatures
  A bombardier beetle (D:3)
  A bullfrog skeleton (D:3)
  3 adders (D:2)
  A ribbon worm (D:2)
  8 ball pythons
  7 endoplasms
  7 giant cockroaches
  4 goblins
  3 hobgoblins
  5 quokkas
  5 bats
  3 frilled lizards
  2 kobolds (D:1)
  5 rats
55 creatures vanquished.

Notes
Turn   | Place    | Note
-------+----------+-------------------------------------------
     0 | D:1      | mparten the Gargoyle Earth Elementalist began the quest for
                  | the Orb.
     0 | D:1      | Reached XP level 1. HP: 10/10 MP: 3/3
   294 | D:1      | Reached XP level 2. HP: 15/15 MP: 3/5
   740 | D:1      | Reached skill level 4 in Earth Magic
   872 | D:1      | Reached XP level 3. HP: 19/19 MP: 4/6
  1780 | D:2      | Found a bloodstained altar of Trog.
  1798 | D:2      | Reached XP level 4. HP: 24/24 MP: 5/8
  2381 | D:3      | Found Hoofukk Foci's Distillery.
  2702 | D:3      | Found a runed translucent gate.
  2702 | D:3      | Found a runed translucent gate.
  2702 | D:3      | Found a runed translucent gate.
  2708 | D:3      | Noticed Prival's ghost (amateur HOFi)
  2744 | D:3      | Found an iron altar of Okawaru.
  3270 | D:3      | Reached XP level 5. HP: 22/28 MP: 6/9
  3275 | D:3      | HP: 2/42 [Prival's ghost (6)]
  3275 | D:3      | Slain by a bullfrog skeleton

Illustrated notes

Levels and vault maps discovered:
D:1:      sevenhm_arrival_forest_fort_small_6, layout_loops_corners
D:2:      layout_loops_corners, basic_altar
D:3:      layout_loops_cross, lemuel_round_altar, gup_sewer_entry_pipe,
          serial_shops, shop, gammafunk_ghost_necromancy,
          serial_co_window_serial, co_window_paths_a, co_window_cross_1,
          co_window_of_opportunity_a, co_window_paths_a, co_window_paths_a,
          co_window_corner_a, co_window_cross_1, co_window_cross_3,
          co_window_broadway_a, co_window_broadway_a,
          co_window_of_opportunity_b, co_window_corner_b, co_window_paths_d,
          glass_columns_b, glass_columns_a, glass_columns_c, glass_columns_c

Skill      XL: |  1  2  3  4 |
---------------+-------------+-----
Earth Magic    | 4 |  4.7
Conjurations   | 2 |  2.7
Stealth        | 3 |  3.1
Spellcasting   | 3 |  3.2
Dodging        | |  1.5

Action                     |  1- 3 |  4- 6 || total
---------------------------+-------+-------++-------
   Cast: Sandblast         |    51 |    29 ||    80
    Use: Potion            |       |     1 ||     1
 Armour: Robe              |     4 |     8 ||    12
         Skin              |       |    11 ||    11
  Dodge: Dodged            |     1 |     5 ||     6
